Wild vs Blues

Created - 24 avril 2020 at 15:18

Goals
1 2 3 T
Wild 1 0 2 3
Blues 0 0 2 2
Shots
1 2 3 T
Wild 7 5 9 21
Blues 1 12 17 30

1st period

1. Wild , Jack Eichel 40 (Frank Vatrano 17, Kris Letang 27) at 3:31

Penalties :
Chris Tierney (MIW) for Roughing (Minor) at 15:28

2nd period

No Goal

Penalties :
Marc Staal (MIW) for Hooking (Minor) at 9:53

3rd period

2. Wild , T.J. Oshie 28 (Jack Eichel 49, Ryan Suter 24) at 0:38
3. Blues , Colin White 32 (Michael Frolik 37, Cody Eakin 32) at 7:06
4. Blues , Curtis Lazar 12 (Jordan Schroeder 9, Adam Fox 10) at 9:08
5. Wild , Ryan Suter 5 (Jordan Greenway 10) at 19:07 (PP)

Penalties :
Ryan Suter (MIW) for Holding (Minor) at 16:55, Colin White (STL) for Hooking (Minor) at 17:09

Goalie Stats

Anton Khudobin (MIW), 28 saves from 30 shots - (0,933), W, 35-16-9, 60:00 minutes
Tom McCollum (STL), 18 saves from 21 shots - (0,857), L, 3-9-0, 59:40 minutes

Players Stats for Wild

Player Name              G  A  P  +/- PIM S  H  SB GA TA FO     MP     PP MP  PK MP  
------------------------------------------------------------------------------------
Adrian Kempe             0  0  0   1  0   0  0  0  0  0  0/0    12:46   0:00   0:00 
Brad Marchand            0  0  0   0  0   1  4  1  0  1  0/2    23:58   0:00   2:13 
Brayden McNabb           0  0  0   0  0   0  5  1  0  0  0/0    19:13   0:13   1:38 
Chris Terry              0  0  0   0  0   0  0  0  0  1  0/0     2:52   0:13   0:00 
Chris Tierney            0  0  0  -1  2   1  4  0  0  1  5/6    17:08   0:00   0:05 
Christian Dvorak         0  0  0   0  0   2  0  0  0  0  2/5    10:34   0:00   0:11 
Frank Vatrano            0  1  1   1  0   0  0  2  0  0  0/4    14:50   0:00   1:11 
Jack Eichel              1  1  2   1  0   3  2  1  1  0  14/27  25:43   0:00   2:07 
Jakob Silfverberg        0  0  0  -1  0   2  1  0  1  0  0/0    18:30   0:00   1:38 
Jordan Greenway          0  1  1   0  0   0  1  0  0  0  0/0     7:16   0:13   0:07 
Kris Letang              0  1  1   0  0   5  0  2  2  0  0/0    26:17   0:00   2:34 
Lawson Crouse            0  0  0   0  0   0  0  0  0  0  0/0    10:23   0:00   0:00 
Marc Staal               0  0  0   0  2   1  0  0  0  0  0/0    18:19   0:13   0:44 
Michal Kempny            0  0  0   0  0   1  1  0  0  0  0/0    15:53   0:00   0:00 
Ryan Suter               1  1  2   0  2   2  1  2  0  1  0/0    24:52   0:13   2:20 
Samuel Girard            0  0  0   0  0   0  3  0  0  0  0/0    15:38   0:00   1:08 
T.J. Oshie               1  0  1   0  0   2  0  0  1  0  1/3    13:25   0:00   0:52 
William Nylander         0  0  0  -1  0   1  1  0  2  0  0/0    16:23   0:00   0:00 

Players Stats for Blues

Player Name              G  A  P  +/- PIM S  H  SB GA TA FO     MP     PP MP  PK MP  
------------------------------------------------------------------------------------
Adam Fox                 0  1  1   1  0   0  0  1  0  0  0/0    19:18   1:41   0:06 
Brendan Smith            0  0  0  -1  0   0  0  1  0  0  0/0    10:43   0:00   0:00 
Cody Eakin               0  1  1   1  0   6  1  0  0  0  16/30  22:59   2:11   0:03 
Colin White              1  0  1   1  2   7  0  0  1  1  2/3    21:56   2:14   0:00 
Curtis Lazar             1  0  1   1  0   3  0  0  1  0  0/0    18:22   1:42   0:00 
David Schlemko           0  0  0   0  0   0  0  0  0  1  0/0    24:15   2:31   0:07 
Dominik Simon            0  0  0  -2  0   2  0  0  1  0  1/2    15:50   0:00   0:03 
Jason Demers             0  0  0   0  0   1  1  1  0  3  0/0    23:46   2:31   0:07 
Jeremy Bracco            0  0  0  -2  0   1  2  1  1  0  0/0    17:10   0:12   0:00 
Jordan Oesterle          0  0  0   1  0   0  1  1  0  1  0/0    18:50   1:41   0:06 
Jordan Schroeder         0  1  1   1  0   1  0  0  0  0  4/9    18:22   1:49   0:00 
MacKenzie Weegar         0  0  0   0  0   0  2  0  0  0  0/0     6:46   0:00   0:00 
Matt Benning             0  0  0  -1  0   0  0  2  0  0  0/0    10:43   0:00   0:00 
Matt Martin              0  0  0  -2  0   0  0  0  0  0  1/2    17:39   0:19   0:10 
Melker Karlsson          0  0  0   1  0   3  0  0  0  0  0/0    18:38   1:49   0:10 
Michael Frolik           0  1  1   1  0   5  1  0  0  1  1/1    18:55   2:11   0:00 
Nic Hague                0  0  0   0  0   0  0  0  0  0  0/0     6:46   0:00   0:00 
Ryan Reaves              0  0  0   0  0   1  1  0  0  0  0/0     7:03   0:08   0:00 

3 Stars

1 - Jack Eichel (MIW)
2 - Ryan Suter (MIW)
3 - Curtis Lazar (STL)

Power Play

Wild - 1 on 1 Attempt(s) - 100,00%
Blues - 0 on 3 Attempt(s) - 0,00%

Penalty Kill

Wild - 3 on 3 Attempt(s) - 100,00% - Score 0 goal in Penalty Kill
Blues - 0 on 1 Attempt(s) - 0,00% - Score 0 goal in Penalty Kill

Team Stat

Wild - Hits : 23 - Faceoff Wins : 22 - Blocked Shots : 9 - Penalty Minutes : 6
Blues - Hits : 9 - Faceoff Wins : 25 - Blocked Shots : 7 - Penalty Minutes : 2

Official

Referees : Graham Skiliter and Mark Lemelin
Linesman : Pierre Racicot and Steve Miller

Game Notes

No Game Note

Finance

Level 1 -- Attendance: 4933 (82,22%) -- Ticket Income 493 300 $
Level 2 -- Attendance: 4450 (89,00%) -- Ticket Income 267 000 $
Level 3 -- Attendance: 1640 (82,00%) -- Ticket Income 65 600 $
Level 4 -- Attendance: 2170 (54,25%) -- Ticket Income 65 100 $
Luxury Box -- Attendance: 673 (67,30%) -- Ticket Income 134 600 $
Game was played at the St.Louis Garden.
Total Attendance: 13866 (77,03%)
Total Ticket Income: 1 025 600 $
Other Income: 502 544 $
Total Income: 1 528 144 $

Wild

5 vs 5 Forward 
   Center                   Left Wing                Right Wing               Time % Phy DF OF 
 1 Jack Eichel              Brad Marchand            T.J. Oshie               40     1   2  2  
 2 Chris Tierney            Jakob Silfverberg        William Nylander         30     1   2  2  
 3 Frank Vatrano            Adrian Kempe             Jack Eichel              20     1   2  2  
 4 Christian Dvorak         Lawson Crouse            Brad Marchand            10     1   2  2  

5 vs 5 Defense 
   Defense                  Defense                                           Time % Phy DF OF 
 1 Kris Letang              Ryan Suter                                        40     1   2  2  
 2 Marc Staal               Brayden McNabb                                    30     1   2  2  
 3 Michal Kempny            Samuel Girard                                     20     1   2  2  
 4 Kris Letang              Ryan Suter                                        10     1   2  2  

PowerPlay Forward 
   Center                   Left Wing                Right Wing               Time % Phy DF OF 
 1 Jack Eichel              Brad Marchand            T.J. Oshie               60     1   2  2  
 2 Chris Tierney            Jakob Silfverberg        William Nylander         40     1   2  2  

PowerPlay Defense
   Defense                  Defense                                           Time % Phy DF OF 
 1 Kris Letang              Ryan Suter                                        60     1   2  2  
 2 Marc Staal               Brayden McNabb                                    40     1   2  2  

Penalty Kill 4 Players Forward 
   Center                   Wing                     Time % Phy DF OF 
 1 Jack Eichel              Brad Marchand            60     1   2  2  
 2 T.J. Oshie               Jakob Silfverberg        40     1   2  2  

Penalty Kill 4 Players Defense
   Defense                  Defense                  Time % Phy DF OF 
 1 Kris Letang              Ryan Suter               60     1   2  2  
 2 Marc Staal               Brayden McNabb           40     1   2  2  

Penalty Kill - 3 Players Forward 
   Forward                                           Time % Phy DF OF 
 1 Jack Eichel                                       60     1   2  2  
 2 Brad Marchand                                     40     1   2  2  

Penalty Kill - 3 Players Defense
   Defense                  Defense                  Time % Phy DF OF 
 1 Kris Letang              Ryan Suter               60     1   2  2  
 2 Marc Staal               Brayden McNabb           40     1   2  2  

4 vs 4 Forward 
   Center                   Wing                     Time % Phy DF OF 
 1 Jack Eichel              Brad Marchand            60     1   2  2  
 2 T.J. Oshie               Jakob Silfverberg        40     1   2  2  

4 vs 4 Defense
   Defense                  Defense                  Time % Phy DF OF 
 1 Kris Letang              Ryan Suter               60     1   2  2  
 2 Marc Staal               Brayden McNabb           40     1   2  2  

Last Minutes Offensive
   Center                   Left Wing                Right Wing               Defense                  Defense                  
   Jack Eichel              Brad Marchand            T.J. Oshie               Kris Letang              Ryan Suter               

Last Minutes Defensive
   Center                   Left Wing                Right Wing               Defense                  Defense                  
   Jack Eichel              Brad Marchand            T.J. Oshie               Kris Letang              Ryan Suter               

Goaltenders
Starting : Anton Khudobin           
Backup : Linus Ullmark            

Extra Forwards
Normal : Jordan Greenway, Chris Terry, Frank Vatrano - PP : Jordan Greenway, Chris Terry - PK : Frank Vatrano
Extra Defensemen
Normal : Michal Kempny, Samuel Girard, Marc Staal - PP : Michal Kempny - PK : Samuel Girard, Marc Staal
Penalty Shots
Jack Eichel, Brad Marchand, T.J. Oshie, Jakob Silfverberg, Chris Tierney
Custom OT Lines Forwards
Jack Eichel, Brad Marchand, T.J. Oshie, Jakob Silfverberg, Chris Tierney, William Nylander, Frank Vatrano, Adrian Kempe, Lawson Crouse, Christian Dvorak
Custom OT Lines Defensemen
Kris Letang, Ryan Suter, Marc Staal, Brayden McNabb, Michal Kempny

Scratches
Evgeny Kuznetsov (Healthy), Anton Lindholm (Healthy)

Blues

5 vs 5 Forward 
   Center                   Left Wing                Right Wing               Time % Phy DF OF 
 1 Cody Eakin               Michael Frolik           Colin White              40     1   2  2  
 2 Jordan Schroeder         Melker Karlsson          Curtis Lazar             30     1   2  2  
 3 Dominik Simon            Matt Martin              Jeremy Bracco            20     1   2  2  
 4 Cody Eakin               Ryan Reaves              Colin White              10     1   2  2  

5 vs 5 Defense 
   Defense                  Defense                                           Time % Phy DF OF 
 1 Jason Demers             David Schlemko                                    40     1   2  2  
 2 Adam Fox                 Jordan Oesterle                                   30     1   2  2  
 3 Matt Benning             Brendan Smith                                     20     1   2  2  
 4 Nic Hague                MacKenzie Weegar                                  10     1   2  2  

PowerPlay Forward 
   Center                   Left Wing                Right Wing               Time % Phy DF OF 
 1 Cody Eakin               Michael Frolik           Colin White              60     1   2  2  
 2 Jordan Schroeder         Melker Karlsson          Curtis Lazar             40     1   2  2  

PowerPlay Defense
   Defense                  Defense                                           Time % Phy DF OF 
 1 Jason Demers             David Schlemko                                    60     1   2  2  
 2 Adam Fox                 Jordan Oesterle                                   40     1   2  2  

Penalty Kill 4 Players Forward 
   Center                   Wing                     Time % Phy DF OF 
 1 Cody Eakin               Colin White              60     1   2  2  
 2 Michael Frolik           Jordan Schroeder         40     1   2  2  

Penalty Kill 4 Players Defense
   Defense                  Defense                  Time % Phy DF OF 
 1 Jason Demers             David Schlemko           60     1   2  2  
 2 Adam Fox                 Jordan Oesterle          40     1   2  2  

Penalty Kill - 3 Players Forward 
   Forward                                           Time % Phy DF OF 
 1 Cody Eakin                                        60     1   2  2  
 2 Colin White                                       40     1   2  2  

Penalty Kill - 3 Players Defense
   Defense                  Defense                  Time % Phy DF OF 
 1 Jason Demers             David Schlemko           60     1   2  2  
 2 Adam Fox                 Jordan Oesterle          40     1   2  2  

4 vs 4 Forward 
   Center                   Wing                     Time % Phy DF OF 
 1 Cody Eakin               Colin White              60     1   2  2  
 2 Michael Frolik           Jordan Schroeder         40     1   2  2  

4 vs 4 Defense
   Defense                  Defense                  Time % Phy DF OF 
 1 Jason Demers             David Schlemko           60     1   2  2  
 2 Adam Fox                 Jordan Oesterle          40     1   2  2  

Last Minutes Offensive
   Center                   Left Wing                Right Wing               Defense                  Defense                  
   Cody Eakin               Michael Frolik           Colin White              Jason Demers             David Schlemko           

Last Minutes Defensive
   Center                   Left Wing                Right Wing               Defense                  Defense                  
   Cody Eakin               Michael Frolik           Colin White              Jason Demers             David Schlemko           

Goaltenders
Starting : Tom McCollum             
Backup : Scott Darling            

Extra Forwards
Normal : Matt Martin, Jeremy Bracco, Dominik Simon - PP : Matt Martin, Jeremy Bracco - PK : Dominik Simon
Extra Defensemen
Normal : Matt Benning, Brendan Smith, Nic Hague - PP : Matt Benning - PK : Brendan Smith, Nic Hague
Penalty Shots
Cody Eakin, Colin White, Michael Frolik, Jordan Schroeder, Melker Karlsson
Custom OT Lines Forwards
Cody Eakin, Colin White, Michael Frolik, Jordan Schroeder, Melker Karlsson, Curtis Lazar, Matt Martin, Jeremy Bracco, Dominik Simon, Ryan Reaves
Custom OT Lines Defensemen
Jason Demers, David Schlemko, Adam Fox, Jordan Oesterle, Matt Benning

Scratches
Anthony Cirelli (Healthy), Corey Perry (Healthy), Ryan Sproul (Healthy), Jonathan Quick (Suspend)

% Time on Ice - Wild

Lines # - Real PCT - Wanted PCT - Time Play
Normal Forward
1 - 24% - 40% - 12:58
2 - 32% - 30% - 16:51
3 - 24% - 20% - 12:46
4 - 20% - 10% - 10:23
Normal Defense
1 - 35% - 40% - 18:40
2 - 32% - 30% - 17:00
3 - 27% - 20% - 14:30
4 - 5% - 10% - 2:48
PP Forward
1 - 100% - 60% - 0:13
2 - 0% - 40% - 0:00
PP Defense
1 - 0% - 60% - 0:00
2 - 100% - 40% - 0:13
PK Forward
1 - 79% - 60% - 3:20
2 - 21% - 40% - 0:52
PK Defense
1 - 61% - 60% - 2:34
2 - 39% - 40% - 1:38
PK3 Forward
1 - 0% - 60%
2 - 0% - 40%
PK3 Defense
1 - 0% - 60%
2 - 0% - 40%
44 Forward
1 - 90% - 60% - 1:34
2 - 10% - 40% - 0:11
44 Defense
1 - 79% - 60% - 1:23
2 - 21% - 40% - 0:22
Last Minute Offensive  - 0:00
Last Minute Defensive  - 0:52
Total
Forward - 60:00
Defense - 60:00

% Time on Ice - Blues

Lines # - Real PCT - Wanted PCT - Time Play
Normal Forward
1 - 32% - 40% - 16:57
2 - 31% - 30% - 16:41
3 - 25% - 20% - 13:22
4 - 11% - 10% - 5:58
Normal Defense
1 - 36% - 40% - 19:09
2 - 31% - 30% - 16:20
3 - 20% - 20% - 10:43
4 - 13% - 10% - 6:46
PP Forward
1 - 57% - 60% - 2:23
2 - 43% - 40% - 1:49
PP Defense
1 - 60% - 60% - 2:31
2 - 40% - 40% - 1:41
PK Forward
1 - 100% - 60% - 0:13
2 - 0% - 40% - 0:00
PK Defense
1 - 54% - 60% - 0:07
2 - 46% - 40% - 0:06
PK3 Forward
1 - 0% - 60%
2 - 0% - 40%
PK3 Defense
1 - 0% - 60%
2 - 0% - 40%
44 Forward
1 - 100% - 60% - 1:45
2 - 0% - 40% - 0:00
44 Defense
1 - 64% - 60% - 1:07
2 - 36% - 40% - 0:38
Last Minute Offensive  - 0:52
Last Minute Defensive  - 0:00
Total
Forward - 60:00
Defense - 60:00

Play-by-Play

1st period


0:01 of 1st period - Cody Eakin wins face-off versus Brad Marchand in neutral zone.
0:10 of 1st period - Wrist shot by Colin White.
0:10 of 1st period - Stopped by Anton Khudobin with a rebound.
0:26 of 1st period - Curtis Lazar is hit by Jakob Silfverberg and loses puck.
0:58 of 1st period - Off-side.
0:59 of 1st period - Cody Eakin wins face-off versus Christian Dvorak in neutral zone.
1:04 of 1st period - Wrist shot by Cody Eakin.
1:04 of 1st period - Shot Misses the Net.
1:06 of 1st period - Slapshot by Adam Fox.
1:06 of 1st period - Shot Blocked by Brad Marchand.
1:24 of 1st period - Adam Fox is hit by Samuel Girard and loses puck.
1:35 of 1st period - Slapshot by Jakob Silfverberg.
1:35 of 1st period - Shot Misses the Net.
1:37 of 1st period - Snap shot by Chris Tierney.
1:37 of 1st period - Shot Misses the Net.
1:49 of 1st period - Snap shot by Frank Vatrano.
1:49 of 1st period - Deflect By Jack Eichel.
1:49 of 1st period - Shot Blocked by Adam Fox.
1:49 of 1st period - Puck is out of play.
1:50 of 1st period - Matt Martin wins face-off versus Frank Vatrano in Blues zone.
2:15 of 1st period - Slapshot by Kris Letang.
2:15 of 1st period - Deflect By Matt Benning.
2:15 of 1st period - Stopped by Tom McCollum with a rebound.
2:17 of 1st period - Wrist shot by Adrian Kempe.
2:17 of 1st period - Shot Misses the Net.
2:33 of 1st period - Wrist shot by Kris Letang.
2:33 of 1st period - Shot Blocked by Jeremy Bracco.
2:57 of 1st period - Brendan Smith is hit by Jack Eichel.
3:27 of 1st period - Backhand shot by Kris Letang.
3:27 of 1st period - Shot Blocked by Matt Benning.
3:29 of 1st period - Wrist shot by Frank Vatrano.
3:29 of 1st period - Shot Blocked by Matt Benning.
3:31 of 1st period - Snap shot by Jack Eichel.
3:31 of 1st period - Goal by Jack Eichel - Wild : 1 - Blues : 0.
3:32 of 1st period - Chris Tierney wins face-off versus Cody Eakin in neutral zone.
3:37 of 1st period - Snap shot by William Nylander.
3:37 of 1st period - Stopped by Tom McCollum with a rebound.
3:39 of 1st period - Slapshot by Marc Staal.
3:39 of 1st period - Deflect By Colin White.
3:39 of 1st period - Stopped by Tom McCollum with a rebound.
3:41 of 1st period - Slapshot by Brayden McNabb.
3:41 of 1st period - Shot Blocked by Jason Demers.
3:43 of 1st period - Slapshot by Marc Staal.
3:43 of 1st period - Shot Misses the Net.
4:04 of 1st period - MacKenzie Weegar is hit by Brad Marchand and loses puck.
5:03 of 1st period - Colin White is hit by Michal Kempny and loses puck.
6:44 of 1st period - Jordan Oesterle is hit by Brayden McNabb and loses puck.
7:11 of 1st period - Ryan Suter is hit by Ryan Reaves and loses puck.
10:05 of 1st period - William Nylander is hit by MacKenzie Weegar and loses puck.
10:19 of 1st period - Wrist shot by Jack Eichel.
10:19 of 1st period - Stopped by Tom McCollum with a rebound.
10:51 of 1st period - Icing by Jack Eichel.
10:52 of 1st period - Jordan Schroeder wins face-off versus Frank Vatrano in Wild zone.
11:15 of 1st period - Snap shot by Jakob Silfverberg.
11:15 of 1st period - Stopped by Tom McCollum with a rebound.
13:36 of 1st period - Wrist shot by Chris Tierney.
13:36 of 1st period - Shot Misses the Net.
13:45 of 1st period - Icing by Kris Letang.
13:46 of 1st period - Cody Eakin wins face-off versus Jack Eichel in Wild zone.
14:03 of 1st period - Wrist shot by Jakob Silfverberg.
14:03 of 1st period - Shot Misses the Net.
14:33 of 1st period - Adam Fox is hit by Brayden McNabb and loses puck.
15:28 of 1st period - Minor Penalty to Chris Tierney for Roughing.
15:29 of 1st period - Cody Eakin wins face-off versus Jack Eichel in Wild zone.
15:36 of 1st period - Snap shot by Colin White.
15:36 of 1st period - Shot Misses the Net.
16:21 of 1st period - Wrist shot by Jakob Silfverberg.
16:21 of 1st period - Shot Blocked by Jordan Oesterle.
16:23 of 1st period - Wrist shot by T.J. Oshie.
16:23 of 1st period - Shot Misses the Net.
17:28 of 1st period - Penalty to Chris Tierney is over, Chris Tierney is back on ice.
18:13 of 1st period - Icing by Michael Frolik.
18:14 of 1st period - Jack Eichel wins face-off versus Cody Eakin in Blues zone.
18:15 of 1st period - Snap shot by T.J. Oshie.
18:15 of 1st period - Stopped by Tom McCollum with a rebound.
Goals for this period are 1 for Wild vs 0 for Blues.
Shots for this period are 7 for Wild vs 1 for Blues.

2nd period


0:01 of 2nd period - Cody Eakin wins face-off versus Jack Eichel in neutral zone.
0:04 of 2nd period - Snap shot by Michael Frolik.
0:04 of 2nd period - Stopped by Anton Khudobin without a rebound.
0:05 of 2nd period - Cody Eakin wins face-off versus T.J. Oshie in Wild zone.
0:22 of 2nd period - Slapshot by T.J. Oshie.
0:22 of 2nd period - Shot Misses the Net.
0:39 of 2nd period - Off-side.
0:40 of 2nd period - Jordan Schroeder wins face-off versus Brad Marchand in neutral zone.
0:45 of 2nd period - Slapshot by Melker Karlsson.
0:45 of 2nd period - Stopped by Anton Khudobin without a rebound.
0:46 of 2nd period - Jordan Schroeder wins face-off versus T.J. Oshie in Wild zone.
1:37 of 2nd period - Snap shot by Dominik Simon.
1:37 of 2nd period - Stopped by Anton Khudobin without a rebound.
1:38 of 2nd period - Dominik Simon wins face-off versus Frank Vatrano in Wild zone.
1:49 of 2nd period - Snap shot by Jeremy Bracco.
1:49 of 2nd period - Stopped by Anton Khudobin without a rebound.
1:50 of 2nd period - Jack Eichel wins face-off versus Cody Eakin in Wild zone.
1:57 of 2nd period - Snap shot by Colin White.
1:57 of 2nd period - Shot Misses the Net.
2:03 of 2nd period - Slapshot by Cody Eakin.
2:03 of 2nd period - Stopped by Anton Khudobin with a rebound.
2:05 of 2nd period - Slapshot by David Schlemko.
2:05 of 2nd period - Deflect By Cody Eakin.
2:05 of 2nd period - Stopped by Anton Khudobin with a rebound.
2:20 of 2nd period - Backhand shot by Curtis Lazar.
2:20 of 2nd period - Stopped by Anton Khudobin with a rebound.
2:37 of 2nd period - Off-side.
2:38 of 2nd period - Jack Eichel wins face-off versus Cody Eakin in neutral zone.
2:43 of 2nd period - David Schlemko is hit by Jack Eichel and loses puck.
3:04 of 2nd period - Dominik Simon is hit by Brayden McNabb and loses puck.
3:44 of 2nd period - Christian Dvorak is hit by Michael Frolik and loses puck.
5:07 of 2nd period - Snap shot by Jordan Schroeder.
5:07 of 2nd period - Stopped by Anton Khudobin with a rebound.
5:35 of 2nd period - Off-side.
5:36 of 2nd period - Jordan Schroeder wins face-off versus Frank Vatrano in neutral zone.
6:14 of 2nd period - Snap shot by Brad Marchand.
6:14 of 2nd period - Shot Misses the Net.
6:16 of 2nd period - Snap shot by Christian Dvorak.
6:16 of 2nd period - Stopped by Tom McCollum with a rebound.
6:48 of 2nd period - Jason Demers is hit by Chris Tierney.
7:11 of 2nd period - Wrist shot by Colin White.
7:11 of 2nd period - Stopped by Anton Khudobin without a rebound.
7:12 of 2nd period - Cody Eakin wins face-off versus Christian Dvorak in Wild zone.
7:15 of 2nd period - Snap shot by Ryan Reaves.
7:15 of 2nd period - Stopped by Anton Khudobin without a rebound.
7:16 of 2nd period - Colin White wins face-off versus Jack Eichel in Wild zone.
7:21 of 2nd period - Slapshot by Colin White.
7:21 of 2nd period - Shot Blocked by Ryan Suter.
7:23 of 2nd period - Slapshot by Adam Fox.
7:23 of 2nd period - Shot Blocked by Ryan Suter.
7:25 of 2nd period - Slapshot by Jordan Oesterle.
7:25 of 2nd period - Shot Misses the Net.
7:27 of 2nd period - Slapshot by Adam Fox.
7:27 of 2nd period - Shot Misses the Net.
7:29 of 2nd period - Snap shot by Colin White.
7:29 of 2nd period - Stopped by Anton Khudobin without a rebound.
7:30 of 2nd period - Jack Eichel wins face-off versus Cody Eakin in Wild zone.
7:56 of 2nd period - Curtis Lazar is hit by Chris Tierney and loses puck.
8:01 of 2nd period - Wrist shot by Jakob Silfverberg.
8:01 of 2nd period - Stopped by Tom McCollum with a rebound.
8:21 of 2nd period - Wrist shot by Jack Eichel.
8:21 of 2nd period - Shot Misses the Net.
8:23 of 2nd period - Slapshot by Michal Kempny.
8:23 of 2nd period - Stopped by Tom McCollum with a rebound.
8:33 of 2nd period - Christian Dvorak is hit by Jason Demers and loses puck.
8:52 of 2nd period - Melker Karlsson is hit by Samuel Girard and loses puck.
9:53 of 2nd period - Minor Penalty to Marc Staal for Hooking.
9:54 of 2nd period - Jack Eichel wins face-off versus Cody Eakin in Wild zone.
10:09 of 2nd period - Slapshot by Cody Eakin.
10:09 of 2nd period - Shot Blocked by Kris Letang.
10:23 of 2nd period - Slapshot by Melker Karlsson.
10:23 of 2nd period - Stopped by Anton Khudobin with a rebound.
11:53 of 2nd period - Penalty to Marc Staal is over, Marc Staal is back on ice.
12:43 of 2nd period - Jack Eichel is hit by Jeremy Bracco and loses puck.
12:58 of 2nd period - Snap shot by Matt Martin.
12:58 of 2nd period - Deflect By Jordan Greenway.
12:58 of 2nd period - Shot Blocked by Brayden McNabb.
12:58 of 2nd period - Puck is out of play.
12:59 of 2nd period - Chris Tierney wins face-off versus Jordan Schroeder in Wild zone.
13:06 of 2nd period - Wrist shot by Chris Tierney.
13:06 of 2nd period - Stopped by Tom McCollum with a rebound.
13:08 of 2nd period - Slapshot by Kris Letang.
13:08 of 2nd period - Stopped by Tom McCollum with a rebound.
17:02 of 2nd period - Ryan Reaves is hit by Brayden McNabb and loses puck.
17:07 of 2nd period - Backhand shot by Christian Dvorak.
17:07 of 2nd period - Shot Hit the Post.
17:17 of 2nd period - Melker Karlsson is hit by Ryan Suter and loses puck.
19:24 of 2nd period - Icing by Marc Staal.
19:25 of 2nd period - Jack Eichel wins face-off versus Dominik Simon in Wild zone.
Goals for this period are 0 for Wild vs 0 for Blues.
Shots for this period are 5 for Wild vs 12 for Blues.

3rd period


0:01 of 3rd period - T.J. Oshie wins face-off versus Cody Eakin in neutral zone.
0:04 of 3rd period - Wrist shot by Colin White.
0:04 of 3rd period - Stopped by Anton Khudobin without a rebound.
0:05 of 3rd period - Cody Eakin wins face-off versus Jack Eichel in Wild zone.
0:36 of 3rd period - Wrist shot by Jack Eichel.
0:36 of 3rd period - Shot Misses the Net.
0:38 of 3rd period - Slapshot by T.J. Oshie.
0:38 of 3rd period - Goal by T.J. Oshie - Wild : 2 - Blues : 0.
0:39 of 3rd period - Jack Eichel wins face-off versus Cody Eakin in neutral zone.
0:42 of 3rd period - Wrist shot by Kris Letang.
0:42 of 3rd period - Stopped by Tom McCollum without a rebound.
0:43 of 3rd period - Jack Eichel wins face-off versus Cody Eakin in Blues zone.
1:16 of 3rd period - Snap shot by Melker Karlsson.
1:16 of 3rd period - Stopped by Anton Khudobin with a rebound.
1:18 of 3rd period - Snap shot by Curtis Lazar.
1:18 of 3rd period - Shot Blocked by Kris Letang.
1:37 of 3rd period - Slapshot by Kris Letang.
1:37 of 3rd period - Stopped by Tom McCollum with a rebound.
2:31 of 3rd period - Wrist shot by Frank Vatrano.
2:31 of 3rd period - Shot Misses the Net.
2:45 of 3rd period - Cody Eakin is hit by Brayden McNabb and loses puck.
4:11 of 3rd period - Icing by Brad Marchand.
4:12 of 3rd period - Christian Dvorak wins face-off versus Jordan Schroeder in Wild zone.
4:12 of 3rd period - Christian Dvorak is hit by MacKenzie Weegar.
5:28 of 3rd period - Slapshot by Ryan Suter.
5:28 of 3rd period - Stopped by Tom McCollum with a rebound.
5:39 of 3rd period - Off-side.
5:40 of 3rd period - Cody Eakin wins face-off versus Christian Dvorak in neutral zone.
6:04 of 3rd period - Adam Fox is hit by Chris Tierney and loses puck.
6:33 of 3rd period - Jordan Oesterle is hit by Brad Marchand and loses puck.
6:44 of 3rd period - Snap shot by Colin White.
6:44 of 3rd period - Stopped by Anton Khudobin without a rebound.
6:45 of 3rd period - Cody Eakin wins face-off versus Chris Tierney in Wild zone.
6:54 of 3rd period - Snap shot by Cody Eakin.
6:54 of 3rd period - Stopped by Anton Khudobin without a rebound.
6:55 of 3rd period - Colin White wins face-off versus Jack Eichel in Wild zone.
7:04 of 3rd period - Backhand shot by Michael Frolik.
7:04 of 3rd period - Stopped by Anton Khudobin with a rebound.
7:06 of 3rd period - Snap shot by Colin White.
7:06 of 3rd period - Goal by Colin White - Wild : 2 - Blues : 1.
7:07 of 3rd period - Cody Eakin wins face-off versus Jack Eichel in neutral zone.
7:16 of 3rd period - Wrist shot by Colin White.
7:16 of 3rd period - Shot Misses the Net.
7:23 of 3rd period - Off-side.
7:24 of 3rd period - Chris Tierney wins face-off versus Jordan Schroeder in neutral zone.
7:27 of 3rd period - Slapshot by Kris Letang.
7:27 of 3rd period - Deflect By David Schlemko.
7:27 of 3rd period - Stopped by Tom McCollum without a rebound.
7:28 of 3rd period - Chris Tierney wins face-off versus Jordan Schroeder in Blues zone.
7:39 of 3rd period - Wrist shot by Curtis Lazar.
7:39 of 3rd period - Stopped by Anton Khudobin without a rebound.
7:40 of 3rd period - Cody Eakin wins face-off versus Jack Eichel in Wild zone.
7:45 of 3rd period - Wrist shot by Colin White.
7:45 of 3rd period - Shot Blocked by Jack Eichel.
8:31 of 3rd period - Snap shot by Dominik Simon.
8:31 of 3rd period - Shot Blocked by Frank Vatrano.
8:33 of 3rd period - Snap shot by Jason Demers.
8:33 of 3rd period - Stopped by Anton Khudobin without a rebound.
8:34 of 3rd period - Cody Eakin wins face-off versus Jack Eichel in Wild zone.
8:39 of 3rd period - Wrist shot by Colin White.
8:39 of 3rd period - Stopped by Anton Khudobin with a rebound.
8:51 of 3rd period - Jack Eichel is hit by Cody Eakin and loses puck.
9:08 of 3rd period - Wrist shot by Curtis Lazar.
9:08 of 3rd period - Goal by Curtis Lazar - Wild : 2 - Blues : 2.
9:09 of 3rd period - Michael Frolik wins face-off versus Jack Eichel in neutral zone.
9:36 of 3rd period - Ryan Suter is hit by Jeremy Bracco and loses puck.
9:45 of 3rd period - Jeremy Bracco is hit by Chris Tierney and loses puck.
10:29 of 3rd period - Slapshot by Cody Eakin.
10:29 of 3rd period - Stopped by Anton Khudobin without a rebound.
10:30 of 3rd period - Chris Tierney wins face-off versus Cody Eakin in Wild zone.
10:55 of 3rd period - Matt Martin is hit by Brad Marchand and loses puck.
11:30 of 3rd period - Snap shot by Curtis Lazar.
11:30 of 3rd period - Shot Blocked by Frank Vatrano.
11:55 of 3rd period - Matt Martin is hit by William Nylander.
12:03 of 3rd period - Wrist shot by Chris Tierney.
12:03 of 3rd period - Shot Misses the Net.
12:14 of 3rd period - Off-side.
12:15 of 3rd period - Christian Dvorak wins face-off versus Jordan Schroeder in neutral zone.
12:22 of 3rd period - Wrist shot by Brad Marchand.
12:22 of 3rd period - Shot Misses the Net.
12:28 of 3rd period - Wrist shot by Christian Dvorak.
12:28 of 3rd period - Stopped by Tom McCollum with a rebound.
12:30 of 3rd period - Slapshot by Samuel Girard.
12:30 of 3rd period - Deflect By Brad Marchand.
12:30 of 3rd period - Stopped by Tom McCollum with a rebound.
12:55 of 3rd period - Colin White is hit by Samuel Girard and loses puck.
13:35 of 3rd period - Slapshot by Kris Letang.
13:35 of 3rd period - Shot Blocked by Brendan Smith.
14:55 of 3rd period - Samuel Girard is hit by Jordan Oesterle and loses puck.
16:16 of 3rd period - Cody Eakin is hit by Jordan Greenway and loses puck.
16:37 of 3rd period - Snap shot by Dominik Simon.
16:37 of 3rd period - Stopped by Anton Khudobin without a rebound.
16:38 of 3rd period - Jack Eichel wins face-off versus Matt Martin in Wild zone.
16:55 of 3rd period - Minor Penalty to Ryan Suter for Holding.
16:56 of 3rd period - Cody Eakin wins face-off versus Jack Eichel in Wild zone.
16:59 of 3rd period - Backhand shot by Michael Frolik.
16:59 of 3rd period - Stopped by Anton Khudobin without a rebound.
17:00 of 3rd period - Cody Eakin wins face-off versus Jack Eichel in Wild zone.
17:09 of 3rd period - Minor Penalty to Colin White for Hooking.
17:10 of 3rd period - Jack Eichel wins face-off versus Cody Eakin in Blues zone.
17:17 of 3rd period - Snap shot by Jack Eichel.
17:17 of 3rd period - Stopped by Tom McCollum with a rebound.
17:34 of 3rd period - Cody Eakin is hit by Brad Marchand and loses puck.
17:43 of 3rd period - Snap shot by Cody Eakin.
17:43 of 3rd period - Stopped by Anton Khudobin without a rebound.
17:44 of 3rd period - Jack Eichel wins face-off versus Cody Eakin in Wild zone.
17:49 of 3rd period - Wrist shot by Jeremy Bracco.
17:49 of 3rd period - Deflect By Cody Eakin.
17:49 of 3rd period - Shot Misses the Net.
17:49 of 3rd period - Puck is out of play.
17:50 of 3rd period - Jack Eichel wins face-off versus Cody Eakin in Wild zone.
17:59 of 3rd period - Wrist shot by Cody Eakin.
17:59 of 3rd period - Stopped by Anton Khudobin with a rebound.
18:55 of 3rd period - Penalty to Ryan Suter is over, Ryan Suter is back on ice.
19:07 of 3rd period - Slapshot by Ryan Suter.
19:07 of 3rd period - Goal by Ryan Suter - Wild : 3 - Blues : 2.
19:08 of 3rd period - Jack Eichel wins face-off versus Colin White in neutral zone.
19:11 of 3rd period - Slapshot by Ryan Suter.
19:11 of 3rd period - Shot Misses the Net.
19:25 of 3rd period - Blues, Tom McCollum is pulled from the net.
19:25 of 3rd period - Slapshot by Michael Frolik.
19:25 of 3rd period - Stopped by Anton Khudobin without a rebound.
19:26 of 3rd period - John Stevens call a timeout for Blues.
19:26 of 3rd period - Cody Eakin wins face-off versus Jack Eichel in Wild zone.
19:35 of 3rd period - Wrist shot by Michael Frolik.
19:35 of 3rd period - Stopped by Anton Khudobin with a rebound.
19:44 of 3rd period - Icing by Cody Eakin.
19:45 of 3rd period - Tom McCollum from Blues was sent back in the game.
19:45 of 3rd period - Jack Eichel wins face-off versus Cody Eakin in Blues zone.
Goals for this period are 2 for Wild vs 2 for Blues.
Shots for this period are 9 for Wild vs 17 for Blues. Output by the SimonT Hockey Simulator (STHS) for Alexandre Lamarre - Original Page W3C HTML5 Valid
Hockey Simulator - Hockey Simulation - Hockey Manager